[Event "13. Hungarian E-mail Semi Final"]
[Site "E4EC"]
[Date "2004.06.26"]
[Round "1"]
[White "Biró, István"]
[Black "Vecsei, Vilmos"]
[Board "3882"]
[TimeControl "10/40"]
[WhiteElo "1800"]
[BlackElo "1800"]
[WhiteCountry "HUN"]
[BlackCountry "HUN"]
[Result "1-0"]

1.e4 c5 2.Nf3 d6 3.d4 cxd4 4.Nxd4 Nf6 5.Nc3 a6 6.Be3 e5 7.Nb3 Be7
8.Bc4 Nc6 9.O-O O-O 10.Qe2 b5 11.Bd5 Bb7 12.a3 Qc7 13.Rfd1 Rac8
14.Rd2 Nd8 15.Bxb7 Nxb7 16.Bg5 Qc4 17.Rd3 Nc5 18.Nxc5 Rxc5 19.Rad1 Rd8
20.Bxf6 Bxf6 21.Nd5 Qxc2 22.R3d2 Qc4 23.Qf3 Rxd5 24.Rxd5 Be7
25.Qe3 Qc7 26.Rc1 Qb7 27.Qc3 f6 28.Qb3 Kh8 29.a4 Rb8 30.axb5 h6
31.Qh3 axb5 32.b4 Kg8 33.Qe6+ Kf8 34.h4 Ra8 35.h5 Rd8 36.Rc3 Rb8
37.Kh2 Ra8 38.Rg3 Qc8 39.Qxc8+ Rxc8 40.Rxb5 Rc7 41.Rb8+ Kf7 42.Rd3 Ke6
43.b5 Rd7 44.b6 d5 45.Rxd5 Bd6 46.Re8+ 1-0

[Event "13. Hungarian E-mail Semi Final"]
[Site "E4EC"]
[Date "2004.07.12"]
[Round "1"]
[White "Biró, István"]
[Black "Tóth, István"]
[Board "3883"]
[TimeControl "10/40"]
[WhiteElo "1800"]
[BlackElo "2027"]
[WhiteCountry "HUN"]
[BlackCountry "HUN"]
[Result "1-0"]

1.d4 d5 2.Nf3 Nf6 3.Bf4 e6 4.e3 c5 5.c3 Qb6 6.Qb3 Nbd7 7.Qxb6 Nxb6
8.Nbd2 Bd7 9.Be2 Rc8 10.a4 cxd4 11.exd4 Bc6 12.Ne5 Nbd7 13.b4 Nxe5
14.dxe5 Ng8 15.Be3 Bd7 16.Bxa7 Rxc3 17.b5 Bb4 18.Kd1 Ne7 19.a5 O-O
20.Bd4 Rcc8 21.Nb3 Nf5 22.Bb6 Rc3 23.Rb1 Rfc8 24.h4 Be7 25.h5 h6
26.g4 Bg5 27.Bf1 Ne7 28.Bd4 R3c7 29.Bd3 Be8 30.Ke2 Kh8 31.Rhd1 Ra8
32.Rf1 Bf4 33.Kf3 Bg5 34.Kg3 Ng8 35.f4 Be7 36.Rfc1 Rcc8 37.Rxc8 Rxc8
38.a6 bxa6 39.bxa6 Bd8 40.a7 Bc6 41.Ba6 Rc7 42.Nd2 f6 43.Nf3 Ne7
44.Rb8 f5 45.Rxd8+ Kh7 46.Bb6 1-0

[Event "13. Hungarian E-mail Semi Final"]
[Site "E4EC"]
[Date "2004.06.23"]
[Round "1"]
[White "Biró, István"]
[Black "Farkas, Lajos"]
[Board "3884"]
[TimeControl "10/40"]
[WhiteElo "1800"]
[BlackElo "2009"]
[WhiteCountry "HUN"]
[BlackCountry "HUN"]
[Result "1-0"]

1.e4 e5 2.Nf3 Nc6 3.d4 exd4 4.Nxd4 Bc5 5.Be3 Qf6 6.c3 Nge7 7.Be2 d6
8.O-O O-O 9.Nb5 Qg6 10.Nxc7 Bh3 11.Bf3 Rac8 12.Bxc5 dxc5 13.Nd5 Rcd8
14.Re1 Be6 15.Nxe7+ Nxe7 16.Qa4 a6 17.e5 Bd7 18.Qe4 Qxe4 19.Bxe4 Bc6
20.Bxc6 Nxc6 21.f4 b5 22.a3 a5 23.Kf1 Rd3 24.a4 b4 25.Rc1 Rfd8
26.cxb4 axb4 27.a5 Nd4 28.Ra4 Nb3 29.Re1 R3d4 30.f5 Rf4+ 31.Kg1 Rxf5
32.a6 h5 33.h4 Kh7 34.a7 Ra8 35.Re3 Nd4 36.Nd2 Nc6 37.Ra6 Nxe5
38.Ne4 Ng4 39.Re1 g6 40.Rc1 Re5 41.Nxc5 Re7 42.Rca1 Rc7 43.Nd3 b3
44.Nc1 Rc2 45.Nxb3 Ne3 46.Re1 Nxg2 47.Re7 Nxh4 48.Rxf7+ Kh6
49.Nd4 Rg2+ 50.Kh1 Rxb2 51.Ne6 Nf5 52.Nc7 Rd8 53.Ra1 h4 54.a8=Q Rxa8
55.Rxa8 Kg5 56.Ra4 Ng3+ 57.Kg1 Ne2+ 58.Kf1 Ng3+ 59.Ke1 Re2+ 60.Kd1 Re5
61.Kc2 Nh5 62.Kd3 h3 63.Rf1 Nf6 64.Rh1 Nh5 65.Rxh3 Nf4+ 66.Kd4 Re7
67.Rg3+ Kh4 68.Rf3 g5 69.Nb5 Ne2+ 70.Kd5+ Nf4+ 71.Kc6 Re1 72.Nd6 Kg4
73.Rc3 Re6 74.Kd7 Re5 75.Rc1 1-0

[Event "13. Hungarian E-mail Semi Final"]
[Site "E4EC"]
[Date "2004.06.23"]
[Round "1"]
[White "Biró, István"]
[Black "Turóczi, Péter"]
[Board "3885"]
[TimeControl "10/40"]
[WhiteElo "1800"]
[BlackElo "1800"]
[WhiteCountry "HUN"]
[BlackCountry "HUN"]
[Result "0-1"]

1.e4 c5 2.Nf3 d6 3.d4 cxd4 4.Nxd4 Nf6 5.Nc3 a6 6.Bc4 e6 7.Bb3 b5
8.Qf3 Bb7 9.a3 Nbd7 10.O-O Nc5 11.Re1 Be7 12.Ba2 O-O 13.b4 Ncd7
14.Bxe6 fxe6 15.Nxe6 Qb6 16.Be3 Qc6 17.Nxf8 Ne5 18.Qg3 Qxc3 19.Ne6 Nh5
20.Qh3 g6 21.f4 Nf7 22.e5 dxe5 23.f5 Be4 24.fxg6 hxg6 25.Nc5 Bxc5
26.bxc5 Nf6 27.Qg3 Rc8 0-1

[Event "13. Hungarian E-mail Semi Final"]
[Site "E4EC"]
[Date "2004.06.26"]
[Round "1"]
[White "Vecsei, Vilmos"]
[Black "Julean, Iulian-Catalin"]
[Board "3886"]
[TimeControl "10/40"]
[WhiteElo "1800"]
[BlackElo "1933"]
[WhiteCountry "HUN"]
[BlackCountry "ROM"]
[Result "1-0"]

1.e4 c6 2.d4 d5 3.exd5 cxd5 4.c4 dxc4 5.Bxc4 e6 6.Nc3 Nf6 7.Bg5 Be7
8.Nf3 O-O 9.O-O Nc6 10.Re1 Bd7 11.Rc1 Rc8 12.b3 Ba3 13.Rc2 Be7 14.Rd2 1-0

[Event "13. Hungarian E-mail Semi Final"]
[Site "E4EC"]
[Date "2004.06.26"]
[Round "1"]
[White "Vecsei, Vilmos"]
[Black "Bálint, Gergely"]
[Board "3887"]
[TimeControl "10/40"]
[WhiteElo "1800"]
[BlackElo "1800"]
[WhiteCountry "HUN"]
[BlackCountry "HUN"]
[Result "1/2-1/2"]

1.e4 Nf6 2.Nc3 d5 3.exd5 Nxd5 4.Bc4 Nb6 5.Bb3 c5 6.Qh5 e6 7.d3 Nc6
8.Bg5 Be7 9.Bxe7 Qxe7 10.Ne4 Nd7 11.c3 O-O 12.Nf3 Nf6 13.Qxc5 Qxc5
14.Nxc5 b6 15.Ne4 Nxe4 16.dxe4 Rd8 17.O-O Bb7 18.Rfd1 Na5 19.e5 Bxf3
20.gxf3 Nxb3 21.axb3 a5 22.Rd6 Rxd6 23.exd6 Rd8 24.Rd1 Kf8 25.Kg2 Ke8
26.Kg3 Kd7 27.Kf4 f6 28.Ke3 Kc6 29.Rd4 Rxd6 30.Rc4+ Kd7 31.b4 axb4
32.Rxb4 h5 33.f4 Kc6 34.Rd4 h4 35.Rxd6+ Kxd6 36.Kd4 b5 37.c4 bxc4
38.Kxc4 Kc6 39.b4 1/2-1/2

[Event "13. Hungarian E-mail Semi Final"]
[Site "E4EC"]
[Date "2004.06.26"]
[Round "1"]
[White "Vecsei, Vilmos"]
[Black "Fenyvesi, Miklós"]
[Board "3888"]
[TimeControl "10/40"]
[WhiteElo "1800"]
[BlackElo "1815"]
[WhiteCountry "HUN"]
[BlackCountry "HUN"]
[Result "0-1"]

1.e4 c5 2.Nf3 Nc6 3.d4 cxd4 4.Nxd4 Nf6 5.Nc3 e5 6.Ndb5 d6 7.Bg5 a6
8.Na3 b5 9.Bxf6 gxf6 10.Nd5 Bg7 11.c3 f5 12.Bd3 Ne7 13.Nxe7 Qxe7
14.O-O O-O 15.Nc2 d5 16.exd5 e4 17.Be2 Qd6 18.a4 Bd7 19.axb5 axb5
20.Nb4 Be5 21.h3 f4 22.Rxa8 Rxa8 23.f3 e3 24.Bd3 Qb6 25.Kh1 Bd6
26.Qb3 Re8 27.Re1 Re5 28.Nc6 Bxc6 29.dxc6 Qxc6 30.Bxh7+ Kxh7
31.Qxf7+ Kh8 32.Qf6+ Kg8 33.Qg6+ Kf8 34.Qf6+ Ke8 35.Qxf4 Qd5
36.Qd4 Qxd4 37.cxd4 Re6 38.Re2 Bg3 39.Kg1 Bf2+ 40.Kf1 Rc6 0-1

[Event "13. Hungarian E-mail Semi Final"]
[Site "E4EC"]
[Date "2004.06.26"]
[Round "1"]
[White "Vecsei, Vilmos"]
[Black "Szabó, Zsolt"]
[Board "3889"]
[TimeControl "10/40"]
[WhiteElo "1800"]
[BlackElo "2275"]
[WhiteCountry "HUN"]
[BlackCountry "HUN"]
[Result "1/2-1/2"]

1.Nf3 Nf6 2.c4 g6 3.g3 Bg7 4.Bg2 d6 5.O-O e5 6.d4 Nbd7 7.Nc3 O-O
8.e4 c6 9.h3 Qb6 10.Rb1 exd4 11.Nxd4 Nxe4 12.Nxe4 Bxd4 13.b4 Ne5
14.Nxd6 Rd8 15.Qe2 c5 16.Nxc8 Raxc8 17.Bf4 Re8 18.bxc5 Qxc5
19.Rxb7 Nxc4 20.Qf3 Red8 21.Rc1 Qf8 22.Rc7 Ne5 23.Bxe5 Bxe5
24.Rxc8 Rxc8 25.Rxc8 Qxc8 26.Qe3 Qc7 27.Bd5 Kg7 1/2-1/2

[Event "13. Hungarian E-mail Semi Final"]
[Site "E4EC"]
[Date "2004.06.23"]
[Round "1"]
[White "Julean, Iulian-Catalin"]
[Black "Biró, István"]
[Board "3890"]
[TimeControl "10/40"]
[WhiteElo "1933"]
[BlackElo "1800"]
[WhiteCountry "ROM"]
[BlackCountry "HUN"]
[Result "0-1"]

1.d4 Nf6 2.c4 e6 3.Nc3 Bb4 4.Qc2 O-O 5.a3 Bxc3+ 6.Qxc3 b6 7.Bg5 Bb7
8.f3 d5 9.e3 Nbd7 10.cxd5 exd5 11.Nh3 Re8 12.Be2 h6 13.Bh4 Qe7
14.Bf2 c5 15.O-O a5 16.dxc5 bxc5 17.Rfe1 Qe5 18.Qc2 Rac8 0-1

[Event "13. Hungarian E-mail Semi Final"]
[Site "E4EC"]
[Date "2004.06.23"]
[Round "1"]
[White "Julean, Iulian-Catalin"]
[Black "Farkas, Lajos"]
[Board "3892"]
[TimeControl "10/40"]
[WhiteElo "1933"]
[BlackElo "2009"]
[WhiteCountry "ROM"]
[BlackCountry "HUN"]
[Result "1/2-1/2"]

1.e4 e5 2.Nf3 Nc6 3.Bb5 a6 4.Bxc6 dxc6 5.O-O Qd6 6.d4 exd4 7.Nxd4 c5
8.Ne2 Qxd1 9.Rxd1 Bd7 10.Nbc3 O-O-O 11.a3 Bd6 12.Rd3 Ne7 13.Bg5 f6
14.Be3 Ng6 15.f3 Ne5 16.Rd5 Be6 17.Rdd1 Nc4 18.Bc1 Be5 19.Rxd8+ Rxd8
20.b3 Nd6 21.Bf4 Nb5 22.Bxe5 fxe5 23.Nxb5 axb5 24.Kf2 c4 25.b4 c3
26.Nxc3 Rd2+ 27.Kg3 Rxc2 28.Nxb5 Bc4 29.a4 Rb2 30.Na3 Rxb4 1/2-1/2

[Event "13. Hungarian E-mail Semi Final"]
[Site "E4EC"]
[Date "2004.07.12"]
[Round "1"]
[White "Tóth, István"]
[Black "Vecsei, Vilmos"]
[Board "3894"]
[TimeControl "10/40"]
[WhiteElo "2027"]
[BlackElo "1800"]
[WhiteCountry "HUN"]
[BlackCountry "HUN"]
[Result "0-1"]

1.e4 c5 2.Nf3 d6 3.d4 cxd4 4.Nxd4 Nf6 5.Nc3 a6 6.Bc4 e6 7.O-O Be7
8.Bb3 O-O 9.Be3 Nc6 10.a3 Qc7 11.f4 Na5 12.Ba2 Bd7 13.Qf3 Rac8
14.Rad1 b5 15.Rd2 Nc4 16.Bxc4 bxc4 17.Rb1 Rb8 18.g4 h6 19.g5 hxg5
20.fxg5 Nh7 21.h4 g6 22.Qg3 Rb7 23.Rf2 Qb8 24.b4 cxb3 25.Nxb3 Rc8
26.Bd4 e5 27.Nd5 Be6 28.Nxe7+ Rxe7 29.Ba1 Rec7 30.Nd2 Qa7 31.c3 Qc5
32.a4 Bd7 33.a5 Qxa5 34.Qd3 Rc6 35.Nf1 Be6 36.Ne3 Nf8 37.Rbf1 Qc5
38.Rb1 Nd7 39.Nd5 Bxd5 40.exd5 R6c7 0-1

[Event "13. Hungarian E-mail Semi Final"]
[Site "E4EC"]
[Date "2004.07.12"]
[Round "1"]
[White "Tóth, István"]
[Black "Bálint, Gergely"]
[Board "3895"]
[TimeControl "10/40"]
[WhiteElo "2027"]
[BlackElo "1800"]
[WhiteCountry "HUN"]
[BlackCountry "HUN"]
[Result "0-1"]

1.d4 d5 2.c4 dxc4 3.e4 e5 4.Qa4+ Bd7 5.Qxc4 exd4 6.Qxd4 Nc6 7.Qe3 Nf6
8.Nc3 Ng4 9.Qd2 Bc5 10.Nh3 Qh4 11.Nd5 O-O-O 12.Qc2 Nxf2 13.Nxf2 Bxf2+
14.Qxf2 Qxe4+ 15.Ne3 Rhe8 16.Be2 Qb4+ 17.Kf1 Nd4 18.Bd1 f5 19.a3 Qe7
20.Kg1 Bb5 21.b4 f4 22.Nf1 Bxf1 23.Qxf1 f3 24.Bxf3 Qh4 25.g3 Nxf3+
26.Qxf3 Qd4+ 27.Kg2 Qxa1 0-1

[Event "13. Hungarian E-mail Semi Final"]
[Site "E4EC"]
[Date "2004.07.12"]
[Round "1"]
[White "Tóth, István"]
[Black "Fenyvesi, Miklós"]
[Board "3896"]
[TimeControl "10/40"]
[WhiteElo "2027"]
[BlackElo "1815"]
[WhiteCountry "HUN"]
[BlackCountry "HUN"]
[Result "0-1"]

1.d4 Nf6 2.c4 c5 3.d5 b5 4.cxb5 a6 5.e3 Bb7 6.Nc3 axb5 7.Bxb5 Qa5
8.Bd2 Qb6 9.Qb3 e6 10.e4 Nxe4 11.Nxe4 Bxd5 12.Qd3 f5 13.Ng3 Bxg2
14.N1e2 Bxh1 15.Nxh1 Nc6 16.Bc3 Bd6 17.Qxd6 Qxb5 18.Rd1 Ra7
19.Nhg3 Rg8 20.a3 Kf7 21.Nc1 Rd8 0-1

[Event "13. Hungarian E-mail Semi Final"]
[Site "E4EC"]
[Date "2004.07.12"]
[Round "1"]
[White "Tóth, István"]
[Black "Szabó, Zsolt"]
[Board "3897"]
[TimeControl "10/40"]
[WhiteElo "2027"]
[BlackElo "2275"]
[WhiteCountry "HUN"]
[BlackCountry "HUN"]
[Result "0-1"]

1.e4 e5 2.Nf3 Nc6 3.Bc4 Bc5 4.d3 Nf6 5.Nc3 d6 6.Na4 Bb6 7.Nxb6 axb6
8.c3 O-O 9.O-O Qe7 10.b4 Be6 11.Bxe6 Qxe6 12.b5 Ne7 13.Qc2 h6
14.Re1 Ng6 15.h3 Nd7 16.c4 Nc5 17.d4 exd4 18.Nxd4 Qe5 19.Be3 Qxe4
20.Qxe4 Nxe4 21.Bxh6 Nxf2 22.Kxf2 gxh6 23.Nf5 Kh7 24.Ne3 Ne5
25.Ke2 Ra4 26.Rec1 c6 27.Rc2 f5 28.g3 f4 29.gxf4 Rxf4 30.Rb1 Rh4
31.bxc6 bxc6 32.Rxb6 Rxh3 33.Nf5 Rh2+ 34.Kd1 Rxc2 35.Kxc2 Rxc4+
36.Kb3 d5 37.a4 d4 38.a5 Rc3+ 39.Ka4 d3 40.Rb2 Nc4 41.Kb4 Rc2
42.Rb3 d2 43.Rd3 Rc1 0-1

[Event "13. Hungarian E-mail Semi Final"]
[Site "E4EC"]
[Date "2004.06.23"]
[Round "1"]
[White "Bálint, Gergely"]
[Black "Biró, István"]
[Board "3898"]
[TimeControl "10/40"]
[WhiteElo "1800"]
[BlackElo "1800"]
[WhiteCountry "HUN"]
[BlackCountry "HUN"]
[Result "0-1"]

1.e4 c5 2.d4 cxd4 3.Nf3 d6 4.c3 dxc3 5.Nxc3 Nc6 6.Bc4 e6 7.O-O Be7
8.Qe2 Nf6 9.Rd1 Bd7 10.Bg5 a6 11.Bxf6 gxf6 12.Rac1 Qa5 13.Bb3 Qh5
14.Na4 Ne5 15.Rc3 Bd8 16.Rxd6 Ba5 17.Rc1 Rg8 18.Nd4 Rxg2+ 19.Kxg2 Qg5+ 0-1

[Event "13. Hungarian E-mail Semi Final"]
[Site "E4EC"]
[Date "2004.06.23"]
[Round "1"]
[White "Bálint, Gergely"]
[Black "Farkas, Lajos"]
[Board "3900"]
[TimeControl "10/40"]
[WhiteElo "1800"]
[BlackElo "2009"]
[WhiteCountry "HUN"]
[BlackCountry "HUN"]
[Result "0-1"]

1.e4 e5 2.Bc4 Nc6 3.Nf3 Nf6 4.Ng5 d5 5.exd5 Nd4 6.c3 b5 7.Bf1 Nxd5
8.Ne4 Qh4 9.Ng3 Bg4 10.f3 e4 11.fxg4 Bd6 12.Kf2 O-O 13.cxd4 Bxg3+
14.hxg3 Qxh1 15.Nc3 Rad8 16.Nxe4 f5 17.Nf6+ Rxf6 18.g5 Rff8 19.d3 f4 0-1

[Event "13. Hungarian E-mail Semi Final"]
[Site "E4EC"]
[Date "2004.06.23"]
[Round "1"]
[White "Bálint, Gergely"]
[Black "Turóczi, Péter"]
[Board "3901"]
[TimeControl "10/40"]
[WhiteElo "1800"]
[BlackElo "1800"]
[WhiteCountry "HUN"]
[BlackCountry "HUN"]
[Result "0-1"]

1.e4 c5 2.Nf3 d6 3.d4 cxd4 4.Nxd4 Nf6 5.Nc3 a6 6.Bc4 e6 7.Bb3 b5
8.O-O b4 9.Na4 Nxe4 10.Re1 d5 11.Bf4 Bd6 12.Bxd6 Qxd6 13.Nf5 exf5
14.Qxd5 Qxd5 15.Bxd5 Ra7 16.f3 Re7 17.fxe4 fxe4 18.Nb6 Bf5 19.Nc4 Be6
20.Ne3 O-O 21.Bxe4 Rfe8 22.Kf2 Bxa2 23.Bxh7+ Kxh7 24.Rxa2 Nd7
25.Rxa6 Nf6 26.Raa1 Rxe3 27.Rxe3 Ng4+ 28.Kf3 0-1

[Event "13. Hungarian E-mail Semi Final"]
[Site "E4EC"]
[Date "2004.06.26"]
[Round "1"]
[White "Farkas, Lajos"]
[Black "Vecsei, Vilmos"]
[Board "3902"]
[TimeControl "10/40"]
[WhiteElo "2009"]
[BlackElo "1800"]
[WhiteCountry "HUN"]
[BlackCountry "HUN"]
[Result "1-0"]

1.e4 c5 2.Nf3 d6 3.d4 cxd4 4.Nxd4 Nf6 5.Nc3 a6 6.Be3 e5 7.Nb3 Be6
8.f4 Ng4 9.Bd2 exf4 10.Bxf4 Nc6 11.Qd2 Be7 12.O-O-O O-O 13.h3 Nge5
14.Kb1 Re8 15.g4 b5 16.Nd5 Bf8 17.Bg2 a5 18.Bf1 Rb8 19.Nd4 Nxd4
20.Qxd4 Qc8 21.g5 Qc6 22.c3 Qb7 23.Be2 b4 24.c4 Bxd5 25.Qxd5 a4
26.c5 Qxd5 27.Rxd5 Rbd8 28.Bb5 Re6 29.cxd6 Bxd6 30.Rhd1 f6
31.gxf6 gxf6 32.Bxa4 1-0

[Event "13. Hungarian E-mail Semi Final"]
[Site "E4EC"]
[Date "2004.07.12"]
[Round "1"]
[White "Farkas, Lajos"]
[Black "Tóth, István"]
[Board "3903"]
[TimeControl "10/40"]
[WhiteElo "2009"]
[BlackElo "2027"]
[WhiteCountry "HUN"]
[BlackCountry "HUN"]
[Result "1-0"]

1.e4 e5 2.Nf3 Nf6 3.d4 exd4 4.e5 Ne4 5.Qxd4 d5 6.exd6 Nxd6 7.Nc3 Nc6
8.Qf4 Be7 9.Bd2 O-O 10.O-O-O Be6 11.h4 Bf6 12.h5 h6 13.Bd3 Re8
14.Rhe1 Ne7 15.b3 Rc8 16.Nd4 Bxd4 17.Qxd4 c5 18.Qe5 Qb6 19.Ne4 Nxe4
20.Bxe4 c4 21.Bc3 f6 22.Qg3 Qc7 23.Bxb7 Qxb7 24.Rxe6 cxb3 25.axb3 Kf7
26.Bxf6 gxf6 27.Rdd6 Rg8 28.Qf4 Rc7 29.Qxh6 Ke8 30.Qxf6 Rd7
31.Rxd7 Qxd7 32.Qe5 Kf7 33.Rf6+ Ke8 34.h6 Rxg2 35.Rf3 Qg4 36.Qb5+ Qd7
37.Rf8+ 1-0

[Event "13. Hungarian E-mail Semi Final"]
[Site "E4EC"]
[Date "2004.06.23"]
[Round "1"]
[White "Farkas, Lajos"]
[Black "Fenyvesi, Miklós"]
[Board "3904"]
[TimeControl "10/40"]
[WhiteElo "2009"]
[BlackElo "1815"]
[WhiteCountry "HUN"]
[BlackCountry "HUN"]
[Result "0-1"]

1.e4 c5 2.Nf3 d6 3.d4 cxd4 4.Nxd4 Nf6 5.Nc3 e6 6.f4 a6 7.Qf3 Qb6
8.Nb3 Qc7 9.g4 b5 10.Bd3 Bb7 11.g5 Nfd7 12.Be3 Nc5 13.a3 Nc6
14.O-O Be7 15.Qf2 Nxb3 16.cxb3 O-O 17.Qh4 f5 18.b4 g6 19.exf5 gxf5
20.Qh6 Qd7 21.Bc2 Rfe8 22.Rad1 Bf8 23.Qh5 Qf7 24.Qxf7+ Kxf7 25.Rd3 h6
26.Bd1 hxg5 27.Bh5+ Ke7 28.Bxe8 Rxe8 29.Kf2 gxf4 30.Bxf4 e5
31.Bg5+ Ke6 32.Ne2 Nd8 33.Re1 Kf7 34.Rh3 Ne6 35.Bd2 Rc8 36.Rh7+ Bg7
37.Rg1 f4 38.Bxf4 Be4 39.Rhxg7+ Nxg7 40.Rc1 Rxc1 41.h4 Ke6 42.Bxc1 d5
43.Ng3 Bg6 44.Bh6 Nf5 45.Ne2 Nxh6 0-1

[Event "13. Hungarian E-mail Semi Final"]
[Site "E4EC"]
[Date "2004.06.23"]
[Round "1"]
[White "Farkas, Lajos"]
[Black "Szabó, Zsolt"]
[Board "3905"]
[TimeControl "10/40"]
[WhiteElo "2009"]
[BlackElo "2275"]
[WhiteCountry "HUN"]
[BlackCountry "HUN"]
[Result "1-0"]

1.e4 e5 2.Nf3 Nc6 3.Bb5 a6 4.Ba4 Nf6 5.O-O Be7 6.Re1 b5 7.Bb3 O-O
8.c3 d5 9.exd5 Nxd5 10.Nxe5 Nxe5 11.Rxe5 c6 12.d4 Bd6 13.Re1 Qh4
14.g3 Qh3 15.Be3 Bg4 16.Qd3 Rae8 17.Nd2 Re6 18.a4 bxa4 19.Rxa4 f5
20.Qf1 Qh5 21.f4 Rb8 22.Bxd5 cxd5 23.Rxa6 Rbe8 24.Qb5 Qf7 25.h3 Bxh3
26.Nf3 h6 27.Ne5 Bxe5 28.Rxe6 Qxe6 29.dxe5 Bg4 30.Ra1 Bf3 31.Kf2 Be4
32.Ra6 Qf7 33.Qe2 Kh7 34.Bd4 Rb8 35.b4 Qe8 36.Ra7 Qg6 37.b5 Qe6
38.Rc7 Rb6 39.Bc5 Rb8 40.Re7 Qg6 41.Bd4 Re8 42.Rxe8 1-0

[Event "13. Hungarian E-mail Semi Final"]
[Site "E4EC"]
[Date "2004.06.23"]
[Round "1"]
[White "Fenyvesi, Miklós"]
[Black "Biró, István"]
[Board "3906"]
[TimeControl "10/40"]
[WhiteElo "1815"]
[BlackElo "1800"]
[WhiteCountry "HUN"]
[BlackCountry "HUN"]
[Result "1/2-1/2"]

1.e4 e5 2.Nf3 Nc6 3.d4 exd4 4.Nxd4 Bc5 5.Nxc6 Qf6 6.Qd2 dxc6
7.Nc3 Be6 8.Na4 Rd8 9.Bd3 Bd6 10.Qe3 Bb4+ 11.c3 Be7 12.O-O Qh4
13.Be2 b6 14.f4 Bg4 15.Bxg4 Qxg4 16.c4 Nf6 17.e5 Nd7 18.Qf3 Qxf3
19.Rxf3 f6 20.exf6 Nxf6 21.Be3 O-O 1/2-1/2

[Event "13. Hungarian E-mail Semi Final"]
[Site "E4EC"]
[Date "2004.06.23"]
[Round "1"]
[White "Fenyvesi, Miklós"]
[Black "Julean, Iulian-Catalin"]
[Board "3907"]
[TimeControl "10/40"]
[WhiteElo "1815"]
[BlackElo "1933"]
[WhiteCountry "HUN"]
[BlackCountry "ROM"]
[Result "1-0"]

1.e4 c6 2.d4 d5 3.e5 Bf5 4.Nc3 e6 5.g4 Bg6 6.Nge2 c5 7.h4 h6
8.Be3 cxd4 9.Nxd4 Bb4 10.h5 Be4 11.f3 1-0

[Event "13. Hungarian E-mail Semi Final"]
[Site "E4EC"]
[Date "2004.06.23"]
[Round "1"]
[White "Fenyvesi, Miklós"]
[Black "Bálint, Gergely"]
[Board "3908"]
[TimeControl "10/40"]
[WhiteElo "1815"]
[BlackElo "1800"]
[WhiteCountry "HUN"]
[BlackCountry "HUN"]
[Result "1-0"]

1.e4 Nf6 2.e5 Nd5 3.d4 d6 4.Nf3 g6 5.Bc4 Nb6 6.Bb3 Bg7 7.a4 d5
8.a5 Nc4 9.Nbd2 Nxd2 10.Bxd2 O-O 11.h4 Bg4 12.h5 c5 13.dxc5 Nc6
14.a6 bxa6 15.hxg6 hxg6 16.Bf4 e6 17.Qd3 Qc7 18.Qe3 Bxf3 19.Qxf3 Rfb8
20.Ra4 Bxe5 21.Kf1 Kg7 22.Bxe5+ Nxe5 23.Qc3 g5 24.g3 d4 25.Rxd4 1-0

[Event "13. Hungarian E-mail Semi Final"]
[Site "E4EC"]
[Date "2004.06.23"]
[Round "1"]
[White "Fenyvesi, Miklós"]
[Black "Turóczi, Péter"]
[Board "3909"]
[TimeControl "10/40"]
[WhiteElo "1815"]
[BlackElo "1800"]
[WhiteCountry "HUN"]
[BlackCountry "HUN"]
[Result "0-1"]

1.e4 c5 2.Nf3 d6 3.d4 cxd4 4.Nxd4 Nf6 5.Nc3 a6 6.Bc4 e6 7.Bb3 b5
8.O-O b4 9.Na4 Nxe4 10.Re1 d5 11.Bf4 Bd6 12.Bxd6 Qxd6 13.Nf5 exf5
14.Qxd5 Qxd5 15.Bxd5 Ra7 16.f3 Re7 17.fxe4 fxe4 18.Nb6 Bf5 19.a3 bxa3
20.Rxa3 O-O 21.c4 Rd8 22.b4 Kf8 23.Kf2 Be6 24.Bxe4 Rd2+ 25.Ke3 Rb2
26.Rd1 Re8 27.Kd4 Rxb4 28.Nd5 Rb7 29.Kc3 Ra7 0-1

[Event "13. Hungarian E-mail Semi Final"]
[Site "E4EC"]
[Date "2004.06.26"]
[Round "1"]
[White "Turóczi, Péter"]
[Black "Vecsei, Vilmos"]
[Board "3910"]
[TimeControl "10/40"]
[WhiteElo "1800"]
[BlackElo "1800"]
[WhiteCountry "HUN"]
[BlackCountry "HUN"]
[Result "1/2-1/2"]

1.d4 c6 2.c4 d5 3.Nf3 Nf6 4.Nc3 e6 5.e3 Nbd7 6.Bd3 Be7 7.O-O O-O
8.Qc2 dxc4 9.Bxc4 c5 10.dxc5 Bxc5 11.a3 b6 12.b4 Be7 13.Bb2 Bb7
14.Rfd1 Bxf3 15.gxf3 Qc7 16.Ba6 Nb8 17.Bd3 h6 18.Rac1 Qb7 19.Ne4 Nd5
20.Ng3 Nd7 21.Bb5 Rac8 22.Bc6 Qb8 23.e4 N5f6 24.Qa4 Ne5 25.Bxe5 Qxe5
26.Qxa7 Qc7 27.Qxc7 Rxc7 28.e5 Nh7 29.Bb5 Rxc1 30.Rxc1 Ra8 31.Rc3 g5
32.Ne2 Nf8 33.Nd4 Ng6 34.Nc6 Bf8 35.a4 Bg7 36.Re3 Kf8 37.Re4 Ne7
38.h4 Rc8 39.Nxe7 Kxe7 40.Kg2 Rc3 41.hxg5 hxg5 42.Kf1 Rxf3 43.a5 bxa5
44.bxa5 Rb3 45.Bc4 Ra3 46.a6 Ra5 47.Rg4 Bxe5 48.Rxg5 Kd6 49.Ke2 Ra3
50.Rg8 Bd4 51.f4 Re3+ 52.Kd2 1/2-1/2

[Event "13. Hungarian E-mail Semi Final"]
[Site "E4EC"]
[Date "2004.07.12"]
[Round "1"]
[White "Turóczi, Péter"]
[Black "Tóth, István"]
[Board "3911"]
[TimeControl "10/40"]
[WhiteElo "1800"]
[BlackElo "2027"]
[WhiteCountry "HUN"]
[BlackCountry "HUN"]
[Result "1-0"]

1.d4 d5 2.c4 e6 3.Nc3 Nf6 4.Nf3 c5 5.cxd5 Nxd5 6.e3 cxd4 7.exd4 Nc6
8.Bd3 Bb4 9.Bd2 O-O 10.O-O Be7 11.a3 Bf6 12.Be3 Qb6 13.Qc2 h6
14.Bc4 Nce7 15.Rac1 Nxc3 16.bxc3 Qc7 17.Bd3 Bd7 18.c4 Bc6 19.Bh7+ Kh8
20.Be4 Rfd8 21.Rfd1 1-0

[Event "13. Hungarian E-mail Semi Final"]
[Site "E4EC"]
[Date "2004.06.23"]
[Round "1"]
[White "Turóczi, Péter"]
[Black "Farkas, Lajos"]
[Board "3912"]
[TimeControl "10/40"]
[WhiteElo "1800"]
[BlackElo "2009"]
[WhiteCountry "HUN"]
[BlackCountry "HUN"]
[Result "0-1"]

1.Nf3 c5 2.e4 d6 3.d4 cxd4 4.Nxd4 Nf6 5.Nc3 a6 6.Be3 e5 7.Nb3 Be7
8.f3 Be6 9.Qd2 O-O 10.O-O-O Nbd7 11.g4 Qc7 12.g5 Nh5 13.Nd5 Bxd5
14.exd5 a5 15.Kb1 a4 16.Nc1 a3 17.b3 Nf4 18.Rg1 f6 19.gxf6 Bxf6
20.Ne2 Nc5 21.Rg4 h5 22.Rg1 Nxe2 23.Bxe2 e4 24.Bxc5 Qxc5 25.fxe4 Rae8
26.Bf3 Bc3 27.Qd3 Rf4 28.Bxh5 Rexe4 29.Qg3 Bf6 30.c4 Rf2 31.Rg2 Rxg2
32.Qxg2 Rh4 33.Qg6 Qe3 34.Qf7+ Kh7 35.Qg6+ Kh8 36.Qf5 Qh3 37.Qxh3 Rxh3
38.Bg6 Rxh2 39.Bc2 g5 40.c5 dxc5 41.d6 g4 42.d7 Bd8 43.Rg1 g3
44.Kc1 Bg5+ 45.Kb1 Rf2 0-1

[Event "13. Hungarian E-mail Semi Final"]
[Site "E4EC"]
[Date "2004.06.23"]
[Round "1"]
[White "Turóczi, Péter"]
[Black "Szabó, Zsolt"]
[Board "3913"]
[TimeControl "10/40"]
[WhiteElo "1800"]
[BlackElo "2275"]
[WhiteCountry "HUN"]
[BlackCountry "HUN"]
[Result "0-1"]

1.Nf3 d5 2.d4 Nf6 3.c4 g6 4.cxd5 Nxd5 5.e4 Nb6 6.h3 Bg7 7.Nc3 O-O
8.Be2 a5 9.O-O a4 10.Be3 Nc6 11.d5 a3 12.Qb3 axb2 13.Rad1 Na5
14.Qc2 Bd7 15.Bd4 Bxd4 16.Rxd4 c5 17.dxc6 Nxc6 18.Rd2 Na5 19.Ne5 Qc7 0-1

[Event "13. Hungarian E-mail Semi Final"]
[Site "E4EC"]
[Date "2004.06.23"]
[Round "1"]
[White "Szabó, Zsolt"]
[Black "Biró, István"]
[Board "3914"]
[TimeControl "10/40"]
[WhiteElo "2275"]
[BlackElo "1800"]
[WhiteCountry "HUN"]
[BlackCountry "HUN"]
[Result "1/2-1/2"]

1.d4 Nf6 2.Nf3 g6 3.Nbd2 d5 4.e3 Bg7 5.Bd3 O-O 6.O-O c5 7.c3 Nbd7
8.Re1 Qc7 9.e4 cxd4 10.cxd4 dxe4 11.Nxe4 Nxe4 12.Rxe4 Nf6 13.Bf4 Qb6
14.Re1 Be6 15.b3 Rac8 16.Be5 Rfd8 17.Qe2 Qc6 18.Qd2 Qc3 19.h3 Qxd2
20.Nxd2 Rc3 21.Bb5 Rc2 22.Nf3 Bd5 23.Nh2 a6 24.Bd3 Rc3 25.Rad1 Nh5
26.Be2 f6 27.Bxh5 fxe5 28.Bf3 exd4 29.Bxd5+ Rxd5 30.Rxe7 b5 31.Re6 a5
32.Ra6 b4 33.Ra8+ Kf7 34.Ra7+ Kf8 35.Ra8+ Ke7 36.Ra7+ Rd7 37.Rxa5 d3
38.Nf3 Rc6 39.Rb5 Bc3 40.Ne5 Bxe5 41.Rxe5+ Re6 42.f4 Rxe5 43.fxe5 d2
44.Kf2 Rd3 45.Ke2 Rg3 46.Rg1 Ke6 47.Kxd2 Kxe5 48.Ke2 g5 49.Kf2 Rc3
50.Re1+ Kf4 51.Rd1 Rc2+ 52.Kg1 h5 53.Kh2 Ke5 54.Rd7 Rxa2 55.Rb7 Rb2
56.Rb5+ Kf6 57.Rb6+ Kf7 58.Rb7+ Kf6 59.Rxb4 h4 60.Rb8 Ke5 61.b4 Rb3
62.b5 Kf6 63.Rb7 Kf5 64.b6 Rb2 65.Rb8 Kf6 66.b7 Kg7 67.Kg1 Kh7
68.Kf1 Kg7 69.Ke1 Kh7 70.Kd1 Kg7 71.Kc1 Rb4 72.Kd2 Rb3 73.Kc2 Rb6
74.Kc3 Rb1 75.Kd4 Rb5 76.Ke4 Kh7 77.Kd4 1/2-1/2

[Event "13. Hungarian E-mail Semi Final"]
[Site "E4EC"]
[Date "2004.06.23"]
[Round "1"]
[White "Szabó, Zsolt"]
[Black "Julean, Iulian-Catalin"]
[Board "3915"]
[TimeControl "10/40"]
[WhiteElo "2275"]
[BlackElo "1933"]
[WhiteCountry "HUN"]
[BlackCountry "ROM"]
[Result "1-0"]

1.d4 d5 2.c4 c6 3.Nf3 Nf6 4.e3 Bf5 5.cxd5 cxd5 6.Qb3 Qc7 7.Bd2 e6
8.Bb5+ Nc6 9.O-O Bd6 10.Bb4 O-O 11.Bxd6 Qxd6 12.Bxc6 Qxc6 13.Ne5 Qa6
14.Nc3 Rac8 15.f3 Rfd8 16.g4 Bg6 17.Rac1 Ne8 18.Qb5 Qxb5 19.Nxb5 f6
20.Nxg6 hxg6 21.h4 a6 22.Nc3 Nd6 23.Kf2 Kf7 24.Na4 Nc4 25.b3 Na5
26.Nc5 Ke7 27.b4 Nc4 28.Nxb7 Rh8 29.e4 dxe4 30.fxe4 Rxh4 31.Na5 Nd6
32.Rxc8 Nxc8 33.Kg3 g5 34.Nc6+ Ke8 35.a4 1-0